[ PARTIDA AOE2 · #463961727 ]
1v1 RMLituanos vs Poles
Equipo del jugador · DERR
Equipo rival · VICT
[ ANÁLISIS DE REPETICIÓN · EXTRAÍDO DE LA PARTIDA GRABADA ]
Feudal
9:15
Castillos
22:31
Imperial
41:28
| APM promedio | 58.4 |
| APM pico | 118 |
| eAPM promedio | 21.9 |
| Aldeanos / militares | 97 / 95 |
Foco
⚔️ 36.4% · 🌾 63.6%
Knight ×42 · Spearman ×23 · Monk ×15 · Archer ×8 · Skirmisher ×4 · Militia ×3
Feudal
9:17
Castillos
19:44
Imperial
37:29
| APM promedio | 41.9 |
| APM pico | 67 |
| eAPM promedio | 22.3 |
| Aldeanos / militares | 96 / 118 |
Foco
⚔️ 42.3% · 🌾 57.7%
Knight ×102 · Monk ×7 · Skirmisher ×5 · Archer ×4
Mapa de la partida
Recursos iniciales + cada clic de construcción. Líneas = muros · curvas = relieve. ◆ oro · ⬟ piedra · ● bayas · ✦ reliquia · ◌ hueco del cierre
Tu base· ✓ Cerrada en 22:31 · 37t muro · 2 puerta(s)
Base de AmiraL_516· ✓ Cerrada en 19:44 · 41t muro · sin puerta
Terreno inicial suavizado · ◌ = hueco del cierre detectado · pasá el cursor para detalles
Inputs por minuto
— camerlano - - AmiraL_516
Build order — camerlano
Primeras 150 de 333 acciones detectadas
| 0:00 | Crear | Villager (Male) |
| 0:01 | Crear | Villager (Male) |
| 0:01 | Crear | Villager (Male) |
| 0:04 | Construir | House |
| 0:05 | Construir | House |
| 0:39 | Crear | Villager (Male) |
| 1:14 | Crear | Villager (Male) |
| 1:46 | Crear | Villager (Male) |
| 2:21 | Crear | Villager (Male) |
| 2:27 | Construir | Lumber Camp |
| 2:35 | Crear | Villager (Male) |
| 3:11 | Crear | Villager (Male) |
| 3:23 | Crear | Villager (Male) |
| 3:57 | Construir | House |
| 4:04 | Crear | Villager (Male) |
| 4:25 | Crear | Villager (Male) |
| 4:45 | Crear | Villager (Male) |
| 5:16 | Crear | Villager (Male) |
| 5:36 | Crear | Villager (Male) |
| 5:47 | Construir | Barracks |
| 6:09 | Crear | Villager (Male) |
| 6:36 | Investigar | Loom |
| 6:42 | Construir | House |
| 6:57 | Investigar | Feudal Age |
| 7:24 | Construir | Palisade Wall |
| 7:25 | Crear | Militia |
| 7:25 | Crear | Militia |
| 8:06 | Construir | Mining Camp |
| 8:17 | Crear | Villager (Male) |
| 9:11 | Construir | House |
| 9:15 | Edad | Edad Feudal |
| 9:17 | Crear | Militia |
| 9:32 | Construir | Archery Range |
| 9:37 | Construir | House |
| 9:38 | Construir | Palisade Wall |
| 9:46 | Crear | Villager (Male) |
| 10:02 | Investigar | Double-Bit Axe |
| 10:02 | Crear | Villager (Male) |
| 10:13 | Investigar | Man-at-Arms (upgrade) |
| 10:29 | Crear | Villager (Male) |
| 10:52 | Construir | Mill |
| 11:13 | Crear | Villager (Male) |
| 11:16 | Crear | Archer |
| 11:45 | Construir | Farm |
| 11:45 | Crear | Archer |
| 12:19 | Crear | Villager (Male) |
| 12:22 | Construir | Farm |
| 12:24 | Construir | Farm |
| 12:27 | Crear | Archer |
| 12:42 | Crear | Villager (Male) |
| 12:47 | Construir | Blacksmith |
| 12:52 | Construir | House |
| 13:07 | Crear | Villager (Male) |
| 13:11 | Crear | Skirmisher |
| 13:21 | Crear | Villager (Male) |
| 13:24 | Construir | Farm |
| 13:25 | Construir | Farm |
| 13:28 | Construir | Farm |
| 13:31 | Construir | Farm |
| 13:44 | Crear | Archer |
| 13:55 | Investigar | Fletching |
| 14:10 | Construir | Market |
| 14:21 | Crear | Archer |
| 14:23 | Crear | Skirmisher |
| 14:24 | Crear | Villager (Male) |
| 14:27 | Construir | Farm |
| 14:40 | Crear | Villager (Male) |
| 14:49 | Investigar | Horse Collar |
| 15:02 | Crear | Villager (Male) |
| 15:11 | Construir | Lumber Camp |
| 15:19 | Crear | Archer |
| 15:30 | Crear | Villager (Male) |
| 15:31 | Crear | Archer |
| 15:44 | Construir | Palisade Wall |
| 15:49 | Crear | Villager (Male) |
| 15:53 | Construir | Farm |
| 15:54 | Construir | Farm |
| 16:00 | Investigar | Padded Archer Armor |
| 16:05 | Construir | House |
| 16:16 | Construir | House |
| 16:27 | Construir | House |
| 16:31 | Investigar | Wheelbarrow |
| 16:38 | Construir | Farm |
| 16:39 | Construir | Farm |
| 16:43 | Crear | Archer |
| 16:45 | Crear | Villager (Male) |
| 17:02 | Construir | Farm |
| 17:28 | Construir | Farm |
| 17:28 | Crear | Villager (Male) |
| 17:49 | Crear | Villager (Male) |
| 17:56 | Construir | Palisade Wall |
| 18:12 | Crear | Skirmisher |
| 18:36 | Crear | Skirmisher |
| 18:37 | Crear | Villager (Male) |
| 18:44 | Construir | Palisade Gate |
| 18:47 | Construir | House |
| 18:56 | Construir | Farm |
| 19:02 | Crear | Villager (Male) |
| 19:15 | Crear | Villager (Male) |
| 19:36 | Construir | Stable |
| 19:37 | Investigar | Castle Age |
| 20:05 | Investigar | Gold Mining |
| 20:29 | Construir | Stable |
| 20:38 | Construir | House |
| 20:39 | Construir | Palisade Gate |
| 20:43 | Construir | Palisade Wall |
| 20:57 | Investigar | Scale Barding Armor |
| 20:59 | Investigar | Bloodlines |
| 21:11 | Construir | Palisade Wall |
| 21:26 | Investigar | Forging |
| 21:30 | Construir | Stable |
| 21:42 | Crear | Villager (Male) |
| 21:57 | Construir | Farm |
| 22:02 | Construir | House |
| 22:04 | Construir | Palisade Wall |
| 22:31 | Edad | Edad de los Castillos |
| 22:33 | Crear | Knight |
| 22:33 | Crear | Knight |
| 22:34 | Crear | Knight |
| 22:41 | Crear | Knight |
| 22:43 | Crear | Villager (Male) |
| 22:51 | Construir | Palisade Gate |
| 23:00 | Investigar | Bow Saw |
| 23:02 | Crear | Knight |
| 23:03 | Crear | Knight |
| 23:26 | Construir | Farm |
| 23:27 | Construir | Farm |
| 23:32 | Construir | Mining Camp |
| 23:33 | Crear | Villager (Male) |
| 23:41 | Crear | Knight |
| 23:41 | Crear | Knight |
| 23:48 | Construir | Farm |
| 23:49 | Crear | Villager (Male) |
| 24:00 | Construir | Farm |
| 24:01 | Crear | Knight |
| 24:11 | Construir | Farm |
| 24:13 | Crear | Villager (Male) |
| 24:27 | Construir | Farm |
| 24:31 | Investigar | Husbandry |
| 24:33 | Construir | Farm |
| 24:56 | Crear | Knight |
| 24:56 | Crear | Knight |
| 24:59 | Crear | Villager (Male) |
| 25:23 | Crear | Villager (Male) |
| 25:43 | Construir | Farm |
| 25:50 | Crear | Knight |
| 25:51 | Crear | Knight |
| 26:06 | Crear | Villager (Male) |
| 26:06 | Crear | Villager (Male) |
| 26:20 | Construir | Monastery |
Build order — AmiraL_516
Primeras 150 de 309 acciones detectadas
| 0:00 | Crear | Villager (Male) |
| 0:00 | Crear | Villager (Male) |
| 0:01 | Crear | Villager (Male) |
| 0:02 | Construir | House |
| 0:03 | Construir | House |
| 0:08 | Crear | Villager (Male) |
| 1:23 | Crear | Villager (Male) |
| 1:59 | Crear | Villager (Male) |
| 2:01 | Construir | Lumber Camp |
| 2:23 | Crear | Villager (Male) |
| 2:23 | Crear | Villager (Male) |
| 2:46 | Crear | Villager (Male) |
| 2:47 | Crear | Villager (Male) |
| 3:05 | Crear | Villager (Male) |
| 3:40 | Crear | Villager (Male) |
| 3:40 | Crear | Villager (Male) |
| 3:58 | Construir | House |
| 3:59 | Construir | House |
| 4:33 | Crear | Villager (Male) |
| 4:34 | Crear | Villager (Male) |
| 4:35 | Crear | Villager (Male) |
| 4:35 | Crear | Villager (Male) |
| 4:55 | Crear | Villager (Male) |
| 4:55 | Crear | Villager (Male) |
| 5:12 | Crear | Villager (Male) |
| 5:12 | Crear | Villager (Male) |
| 5:30 | Construir | Mill |
| 7:07 | Investigar | Feudal Age |
| 8:04 | Construir | Barracks |
| 8:08 | Construir | Barracks |
| 8:36 | Crear | Villager (Male) |
| 9:17 | Edad | Edad Feudal |
| 9:19 | Investigar | Double-Bit Axe |
| 9:22 | Construir | Stable |
| 9:30 | Construir | Archery Range |
| 9:33 | Construir | Palisade Wall |
| 9:39 | Crear | Villager (Male) |
| 9:44 | Crear | Villager (Male) |
| 10:04 | Construir | Mining Camp |
| 10:25 | Construir | House |
| 10:26 | Crear | Archer |
| 10:42 | Crear | Villager (Male) |
| 10:46 | Crear | Archer |
| 10:49 | Construir | Blacksmith |
| 10:50 | Construir | House |
| 10:55 | Construir | Palisade Wall |
| 11:09 | Crear | Villager (Male) |
| 11:21 | Investigar | Horse Collar |
| 11:24 | Crear | Archer |
| 11:31 | Crear | Villager (Male) |
| 11:38 | Construir | Palisade Wall |
| 11:40 | Construir | Palisade Wall |
| 11:49 | Crear | Archer |
| 12:33 | Crear | Villager (Male) |
| 12:44 | Construir | House |
| 12:56 | Investigar | Fletching |
| 12:59 | Construir | House |
| 13:01 | Construir | Farm |
| 13:03 | Construir | Farm |
| 13:04 | Construir | Farm |
| 13:09 | Crear | Villager (Male) |
| 13:15 | Construir | Palisade Wall |
| 13:19 | Crear | Villager (Male) |
| 13:22 | Construir | Farm |
| 13:23 | Construir | Farm |
| 13:28 | Crear | Villager (Male) |
| 13:31 | Construir | Farm |
| 13:33 | Construir | Farm |
| 13:43 | Investigar | Loom |
| 13:44 | Investigar | Wheelbarrow |
| 14:05 | Crear | Skirmisher |
| 14:06 | Crear | Skirmisher |
| 14:29 | Construir | House |
| 14:32 | Construir | House |
| 14:38 | Crear | Skirmisher |
| 14:45 | Construir | Farm |
| 14:47 | Construir | Farm |
| 14:48 | Construir | Farm |
| 14:49 | Construir | Farm |
| 14:57 | Construir | Farm |
| 15:05 | Crear | Skirmisher |
| 15:05 | Crear | Skirmisher |
| 15:18 | Crear | Villager (Male) |
| 15:24 | Construir | House |
| 15:25 | Construir | House |
| 15:28 | Construir | Palisade Wall |
| 16:12 | Crear | Villager (Male) |
| 16:15 | Crear | Villager (Male) |
| 16:23 | Construir | Farm |
| 16:23 | Construir | Farm |
| 16:23 | Construir | Farm |
| 16:24 | Construir | Farm |
| 16:24 | Construir | Farm |
| 16:41 | Construir | House |
| 17:04 | Investigar | Castle Age |
| 17:04 | Investigar | Castle Age |
| 17:31 | Construir | Mining Camp |
| 17:38 | Investigar | Gold Mining |
| 19:20 | Crear | Villager (Male) |
| 19:21 | Investigar | Stone Mining |
| 19:44 | Edad | Edad de los Castillos |
| 19:46 | Crear | Villager (Male) |
| 20:03 | Investigar | Stone Shaft Mining |
| 20:06 | Crear | Villager (Male) |
| 20:08 | Investigar | Heavy Plow |
| 20:21 | Investigar | Bow Saw |
| 20:23 | Crear | Villager (Male) |
| 20:28 | Construir | Stable |
| 20:36 | Construir | Monastery |
| 20:42 | Construir | Monastery |
| 20:49 | Construir | Stable |
| 20:53 | Crear | Villager (Male) |
| 21:03 | Crear | Villager (Male) |
| 21:07 | Investigar | Scale Barding Armor |
| 21:14 | Crear | Villager (Male) |
| 21:20 | Crear | Villager (Male) |
| 21:29 | Crear | Monk |
| 21:31 | Crear | Monk |
| 21:39 | Construir | Stable |
| 21:42 | Crear | Villager (Male) ×2 |
| 21:55 | Investigar | Chain Barding Armor |
| 22:00 | Crear | Villager (Male) |
| 22:19 | Construir | Castle |
| 22:20 | Crear | Villager (Male) |
| 22:41 | Investigar | Bloodlines |
| 22:43 | Crear | Villager (Male) |
| 22:49 | Construir | House |
| 22:56 | Construir | Palisade Wall |
| 22:59 | Crear | Villager (Male) |
| 23:08 | Crear | Villager (Male) |
| 23:17 | Crear | Villager (Male) |
| 23:43 | Crear | Villager (Male) |
| 23:43 | Crear | Villager (Male) |
| 23:46 | Construir | Farm |
| 23:46 | Construir | Farm |
| 23:46 | Construir | Farm |
| 23:46 | Construir | Farm |
| 23:47 | Construir | Farm |
| 23:48 | Construir | Farm |
| 24:02 | Crear | Villager (Male) |
| 24:08 | Crear | Villager (Male) |
| 24:13 | Crear | Villager (Male) |
| 24:17 | Crear | Villager (Male) |
| 24:20 | Crear | Villager (Male) |
| 24:24 | Construir | Farm |
| 24:30 | Investigar | Szlachta Privileges |
| 24:37 | Construir | Farm |
| 24:38 | Crear | Villager (Male) |
| 24:52 | Construir | Farm |
| 24:52 | Crear | Villager (Male) |
Cronología de la partida
| 5:47 | camerlano · first_building Barracks |
| 7:24 | camerlano · wall_segment Palisade Wall x4 |
| 8:04 | AmiraL_516 · first_building Barracks |
| 9:15 | camerlano · age_up feudal |
| 9:17 | AmiraL_516 · age_up feudal |
| 9:22 | AmiraL_516 · first_building Stable |
| 9:30 | AmiraL_516 · first_building Archery Range |
| 9:32 | camerlano · first_building Archery Range |
| 9:33 | AmiraL_516 · wall_segment Palisade Wall x1 |
| 9:38 | camerlano · wall_segment Palisade Wall x1 |
| 10:55 | AmiraL_516 · wall_segment Palisade Wall x1 |
| 11:38 | AmiraL_516 · wall_segment Palisade Wall x8 |
| 11:40 | AmiraL_516 · wall_segment Palisade Wall x8 |
| 13:15 | AmiraL_516 · wall_segment Palisade Wall x22 |
| 15:25 | camerlano · first_market_sell 100 stone |
| 15:28 | AmiraL_516 · wall_segment Palisade Wall x1 |
| 15:44 | camerlano · wall_segment Palisade Wall x14 |
| 17:56 | camerlano · wall_segment Palisade Wall x3 |
| 18:07 | camerlano · first_market_buy 100 food |
| 19:36 | camerlano · first_building Stable |
| 19:44 | AmiraL_516 · age_up castle |
| 20:36 | AmiraL_516 · first_building Monastery |
| 20:43 | camerlano · wall_segment Palisade Wall x1 |
| 21:11 | camerlano · wall_segment Palisade Wall x7 |
| 22:04 | camerlano · wall_segment Palisade Wall x7 |
| 22:19 | AmiraL_516 · first_building Castle |
| 22:31 | camerlano · age_up castle |
| 22:56 | AmiraL_516 · wall_segment Palisade Wall x1 |
| 26:20 | camerlano · first_building Monastery |
| 30:12 | AmiraL_516 · wall_segment Palisade Wall x1 |
| 30:13 | AmiraL_516 · wall_segment Palisade Wall x1 |
| 30:15 | AmiraL_516 · wall_segment Palisade Wall x1 |
| 30:18 | AmiraL_516 · wall_segment Palisade Wall x1 |
| 31:10 | AmiraL_516 · wall_segment Palisade Wall x1 |
| 32:12 | AmiraL_516 · wall_segment Palisade Wall x1 |
| 36:45 | camerlano · first_building Castle |
| 37:15 | AmiraL_516 · wall_segment Stone Wall x20 |
| 37:29 | AmiraL_516 · age_up imperial |
| 38:44 | AmiraL_516 · first_market_sell 500 wood |
| 40:28 | AmiraL_516 · first_market_buy 100 wood |
| 41:28 | camerlano · age_up imperial |
| 42:41 | camerlano · resign |
[ ANÁLISIS IA · 1 CRÉDITO ]
¿Qué pasó realmente en esta partida?
Wolo.gg analiza cada decisión: build order, eco, micro, errores típicos por bracket. Análisis personalizado por WhatsApp o Discord en 30 segundos.
Guía civ
Lituanos
Guía mapa
Arabia
Perfil
Jugador #5333760